 Dungeon Sprint DCSS version 0.21-a0-400-g417d9d2 (webtiles) character file.

260 Amnesiac the Geomancer (level 5, 35/35 HPs)
             Began as a Demonspawn Earth Elementalist on Oct 20, 2017.
             Quit the game in the Dungeon (Sprint I: "Red Sonja").
             The game lasted 00:00:41 (120 turns).

Amnesiac the Geomancer (DsEE)                        Turns: 120, Time: 00:00:41

Health: 35/35      AC:  2    Str:  8    XL:     5   Next: 95%
Magic:  10/14      EV: 12    Int: 18    God:
Gold:   0          SH:  0    Dex: 13    Spells: 10/17 levels left

rFire    . . .     SeeInvis .   (no weapon)
rCold    . . .     Gourm    .   (no shield)
rNeg     . . .     Faith    .   c - +0 robe
rPois    .         Spirit   .   (no helmet)
rElec    .         Reflect  .   (no cloak)
rCorr    .         Harm     .   (no gloves)
MR       .....     NoTele   +   (no boots)
Stlth    ++........             (no amulet)
HPRegen  0.11/turn              (no ring)
MPRegen  0.14/turn              (no ring)

@: no status effects
A: claws 1, demonic guardian 1, spiny 1
a: no special abilities


You were in the Dungeon.
You were not hungry.

You visited 1 branch

Inventory:

Missiles
 b - 23 stones (quivered)
Armour
 c - a +0 robe (worn)
Scrolls
 j - a scroll of blinking {!r}
Potions
 e - a potion of curing {!q}
 f - a potion of heal wounds {!q}
 g - a potion of haste {!q}
 h - 2 potions of magic {!q}
Books
 k - a book of Geomancy

   Spells                             Type                      Level
   a - Sandblast                      Earth                        1
   b - Passwall                       Transmutation/Earth          2
   c - Stone Arrow                    Conjuration/Earth            3
   d - Petrify                        Transmutation/Earth          4
   e - Lee's Rapid Deconstruction     Earth                        5
Comestibles
 a - 3 chunks of flesh
 d - a bread ration


   Skills:
 - Level 1.7 Dodging
 - Level 1.7 Stealth
 + Level 6.8 Spellcasting
 - Level 0.8 Transmutations
 * Level 9.6 Earth Magic


You had 10 spell levels left.
You knew the following spells:

 Your Spells              Type           Power        Failure   Level  Hunger
a - Sandblast             Erth           #####.       1%          1    None
b - Passwall              Tmut/Erth      ####......   1%          2    None
e - Petrify               Tmut/Erth      ####....     12%         4    ####...


Dungeon Overview and Level Annotations

Branches:
Dungeon (1/1)

Altars:


Innate Abilities, Weirdness & Mutations

You have sharp fingernails.
A weak demonic guardian rushes to your aid.
You are partially covered in sharp spines.


Message History

Aim: an ogre, wielding a giant club (lightly wounded)
The blast of sand hits the ogre.
The ogre is severely wounded.
b - 26 stones Unknown command.
Casting: Sandblast
Confirm with . or Enter, or press ? or * to list all spells.
Aiming: Sandblast
Press: ? - help, Shift-Dir - straight line, f/p - ogre
Aim: an ogre, wielding a giant club (severely wounded)
The blast of sand hits the ogre.
You kill the ogre!
Your Spellcasting skill gained 2 levels and is now at level 5!
Your Earth Magic skill gained 2 levels and is now at level 7!
You have reached level 3!
Your experience leads to an increase in your attributes!
Increase (S)trength, (I)ntelligence, or (D)exterity?
You feel clever.
You have reached level 4!
You feel clever.
Your demonic ancestry asserts itself...
You feel the presence of a demonic guardian.
b - 25 stones This spell is slightly dangerous to cast.
Memorise Petrify, consuming 4 spell levels and leaving 6?
You start memorising the spell.
You continue memorising. x4
You finish memorising.
Spell assigned to 'e'.
Things that are here:
a giant club; an ogre corpse You butcher the ogre corpse.
a - 3 chunks of flesh (gained 2)
You see here a giant club.
There is an open door here.
You start resting.
Magic restored.
You start resting.
Magic restored.
You open the door.
Sigmund the Dreaded comes into view.
He is wielding a scythe.
Casting: Sandblast
Confirm with . or Enter, or press ? or * to list all spells.
Aiming: Sandblast
Press: ? - help, Shift-Dir - straight line, f - Sigmund
Aim: Sigmund, wielding a scythe and wearing an embroidered robe (resting)
The blast of sand hits Sigmund.
Sigmund is moderately wounded.
Sigmund shouts!
b - 24 stones Sigmund breathes a few words.
Sigmund's hands start flickering wildly.
Unknown command.
Casting: Sandblast
Confirm with . or Enter, or press ? or * to list all spells.
Aiming: Sandblast
Press: ? - help, Shift-Dir - straight line, f/p - Sigmund
Aim: Sigmund, wielding a scythe and wearing an embroidered robe (moderately wounded)
The blast of sand hits Sigmund.
You kill Sigmund!
Your Spellcasting skill increases to level 6!
Your Earth Magic skill gained 2 levels and is now at level 9!
You have reached level 5!
Your demonic ancestry asserts itself...
Your fingernails lengthen.
b - 23 stones Are you sure you want to abandon this character and quit the game? (Confirm with "yes".)

########## ##
#<.#.)'..#5.+
#..[..#.@').#
#..#####+####
#..# #..#
#..# #⌠⌠#
####


You could see a friendly iron imp.

Vanquished Creatures
  Sigmund (D)
  An ogre (D)
  Ijyb (D)
3 creatures vanquished.

Notes
Turn   | Place    | Note
-------+----------+-------------------------------------------
     0 | D        | Amnesiac the Demonspawn Earth Elementalist began the quest for the Orb.
     0 | D        | Reached XP level 1. HP: 13/13 MP: 3/3
     1 | D        | Noticed Ijyb
     8 | D        | Killed Ijyb
     8 | D        | Reached skill level 5 in Earth Magic
     8 | D        | Gained mutation: You are partially covered in sharp spines. [demonic ancestry]
     8 | D        | Reached XP level 2. HP: 19/19 MP: 1/6
    44 | D        | Learned a level 2 spell: Passwall
    48 | D        | Noticed an ogre
    51 | D        | Killed an ogre
    51 | D        | Reached skill level 5 in Spellcasting
    51 | D        | Reached skill level 7 in Earth Magic
    51 | D        | Reached XP level 3. HP: 24/24 MP: 3/9
    51 | D        | Gained mutation: A weak demonic guardian rushes to your aid. [demonic ancestry]
    51 | D        | Reached XP level 4. HP: 30/30 MP: 3/11
    57 | D        | Learned a level 4 spell: Petrify
   117 | D        | Noticed Sigmund
   119 | D        | Killed Sigmund
   119 | D        | Reached skill level 9 in Earth Magic
   119 | D        | Gained mutation: You have sharp fingernails. [demonic ancestry]
   119 | D        | Reached XP level 5. HP: 35/35 MP: 10/14
   120 | D        | Quit the game

Vault maps used:
D:        dungeon_sprint_1

Skill      XL: |  1  2  3  4 |
---------------+-------------+-----
Spellcasting   | 3 5 6 |  6.8
Earth Magic    | 5 7 9 |  9.6
Dodging        | |  1.7
Stealth        | |  1.7
Transmutations | |  0.8

Action                   |  1- 3 |  4- 6 || total
-------------------------+-------+-------++-------
Melee: Unarmed           |     4 |       ||     4
 Cast: Sandblast         |     4 |     3 ||     7
  Use: Potion            |     1 |       ||     1
Dodge: Dodged            |     1 |       ||     1

Table legend:
 A = Spawn XP
 B = Non-spawn XP
 C = Spawn XP percentage of total XP
 D = Spawn monster count
 E = Non-spawn monster count
 F = Spawn count percentage of total count
 G = Total turns spent on level
                    A         B        C        D         E        F      G
               +---------+---------+-------+---------+---------+-------+---------
         Total |       0 |     372 |   0.0 |       0 |       3 |   0.0 |   120
               +---------+---------+-------+---------+---------+-------+---------
             D |       0 |     372 |   0.0 |       0 |       3 |   0.0 |   120
               +---------+---------+-------+---------+---------+-------+---------
